Canadiens vs Blackhawks
(R3)
Created - 2 février 2017 at 19:08
Goals
|
Canadiens |
1 |
3 |
0 |
4 |
Blackhawks |
1 |
3 |
1 |
5 |
|
Shots
|
Canadiens |
14 |
15 |
4 |
33 |
Blackhawks |
14 |
12 |
7 |
33 |
|
1st period
1. Canadiens , Drew Miller 20 (Jiri Fischer, Brooks Laich) at 9:35
2. Blackhawks , Patrick Kane 29 (Derick Brassard) at 17:37
Penalties :
Ladislav Smid (Mon) for Roughing (Minor) at 4:26, Torey Krug (Mon) for Unsportsmanlike conduct (Minor) at 9:43
2nd period
3. Blackhawks , Antoine Roussel 16 (Patrick Kane, Derick Brassard) at 0:43 (PP)
4. Canadiens , Marc Savard 18 (Patrick Sharp, Marek Svatos) at 2:00 (PP)
5. Canadiens , Jonas Hoglund 4 (Dustin Boyd, Andrei Loktionov) at 4:09
6. Blackhawks , Peter Regin 9 (Tomas Fleischmann, Jonathan Toews) at 13:47
7. Canadiens , Patrick Sharp 11 (Marek Svatos, Marc Savard) at 14:28
8. Blackhawks , Derick Brassard 25 (Patrick Kane) at 17:24 (PP)
Penalties :
Drew Miller (Mon) for Tripping (Minor) at 0:26, Joni Pitkanen (Chi) for Holding Stick (Minor) at 1:42, Peter Regin (Chi) for Cross-checking (Minor) at 11:37, Jiri Fischer (Mon) for Hooking (Minor) at 16:34
3rd period
9. Blackhawks , Peter Regin 10 (Patrick Kaleta, Derick Brassard) at 17:20
Penalties :
Marek Svatos (Mon) for Holding Stick (Minor) at 5:04, Torey Krug (Mon) for Tripping (Minor) at 9:02, Dustin Boyd (Mon) for Roughing (Minor) at 12:40, Patrick Kaleta (Chi) for Holding (Minor) at 17:42
Goalie Stats
Jonathan Bernier (Mon), 28 saves from 33 shots - (0,848), L, 15-13-6, 58:57 minutes
Jimmy Howard (Chi), 29 saves from 33 shots - (0,879), W, 24-9-1, 60:00 minutes
Players Stats for Canadiens
Player Name G A P +/- PIM S H SB GA TA FO MP PP MP PK MP
------------------------------------------------------------------------------------
Andrei Loktionov 0 1 1 -2 0 3 2 0 0 0 1/2 10:16 0:00 0:00
Brooks Laich 0 1 1 1 0 0 3 1 0 0 8/13 13:44 1:44 0:50
Dan Boyle 0 0 0 1 0 0 2 1 1 1 0/0 21:40 2:42 6:35
Dennis Wideman 0 0 0 0 0 2 5 2 0 1 0/0 28:09 2:01 6:32
Devin Setoguchi 0 0 0 1 0 1 0 0 0 0 0/1 12:42 1:44 0:00
Drew Miller 1 0 1 1 2 4 1 1 0 0 0/0 17:16 1:44 4:01
Dustin Boyd 0 1 1 1 2 2 1 0 0 0 1/2 8:05 0:00 0:15
Evgeny Dadonov 0 0 0 1 0 0 2 0 0 0 0/0 7:30 0:00 0:00
Greg Stewart 0 0 0 -2 0 2 0 0 0 0 0/0 10:47 0:00 0:31
Jiri Fischer 0 1 1 0 2 1 1 2 2 1 0/0 21:14 1:34 4:27
Jonas Hoglund 1 0 1 1 0 2 1 0 0 0 1/1 8:46 0:00 1:16
Ladislav Smid 0 0 0 0 2 1 2 0 0 0 0/0 19:12 0:00 3:59
Marc Savard 1 1 2 0 0 4 1 1 0 0 13/23 20:29 2:32 2:26
Marek Svatos 0 2 2 0 2 4 1 1 0 0 1/1 24:13 2:32 6:06
Matt Carle 0 0 0 0 0 0 0 1 0 1 0/0 9:30 0:41 0:00
Patrick Sharp 1 1 2 0 0 6 1 1 0 0 7/13 24:35 2:32 6:39
Rene Bourque 0 0 0 -2 0 1 1 1 0 0 0/2 10:16 0:00 0:00
Torey Krug 0 0 0 -1 4 0 0 0 0 1 0/0 20:27 1:34 0:31
Players Stats for Blackhawks
Player Name G A P +/- PIM S H SB GA TA FO MP PP MP PK MP
------------------------------------------------------------------------------------
Antoine Roussel 1 0 1 1 0 5 1 1 1 0 0/3 21:08 5:01 1:04
Brendan Bell 0 0 0 0 0 1 0 2 1 0 0/0 13:05 0:00 0:18
Carson Mcmillan 0 0 0 -1 0 0 1 1 0 0 1/1 5:30 0:16 0:00
Dave Tanabe 0 0 0 0 0 1 0 1 0 0 0/0 11:47 0:00 0:00
David Hale 0 0 0 0 0 0 0 0 0 0 0/0 2:26 0:00 0:00
Denis Grebeshkov 0 0 0 0 0 1 0 0 0 0 0/0 17:48 3:21 1:23
Derick Brassard 1 3 4 1 0 6 3 1 1 1 14/28 22:39 5:05 2:41
Ian White 0 0 0 0 0 0 1 0 0 1 0/0 29:25 7:41 2:53
Jonathan Toews 0 1 1 -1 0 2 2 0 0 1 8/16 19:21 4:44 1:23
Joni Pitkanen 0 0 0 0 2 1 1 3 0 0 0/0 27:40 7:41 2:35
Kurt Sauer 0 0 0 0 0 0 2 0 0 0 0/0 17:48 3:21 1:23
Niclas Bergfors 0 0 0 -1 0 4 1 0 1 0 1/1 17:56 4:53 0:00
Oleg Saprykin 0 0 0 -1 0 1 0 0 0 0 0/1 6:14 0:53 0:19
Patrick Kaleta 0 1 1 1 2 1 0 0 0 0 0/0 13:05 1:09 0:00
Patrick Kane 1 2 3 0 0 6 6 0 1 0 0/4 25:35 5:01 2:37
Peter Regin 2 0 2 1 2 4 0 0 0 0 2/3 12:55 0:10 0:28
Ryan Hollweg 0 0 0 -1 0 0 1 0 0 0 0/0 17:24 4:41 0:00
Tomas Fleischmann 0 1 1 1 0 0 0 0 0 0 0/1 13:55 1:13 0:00
3 Stars
1 - Derick Brassard (Chi)
2 - Patrick Kane (Chi)
3 - Peter Regin (Chi)
Power Play
Canadiens - 1 on 3 Attempt(s) - 33,33%
Blackhawks - 2 on 7 Attempt(s) - 28,57%
Penalty Kill
Canadiens - 5 on 7 Attempt(s) - 71,43%
- Score 0 goal in Penalty Kill
Blackhawks - 2 on 3 Attempt(s) - 66,67%
- Score 0 goal in Penalty Kill
Team Stat
Canadiens - Hits : 24 - Faceoff Wins : 32 - Blocked Shots : 12 - Penalty Minutes : 14
Blackhawks - Hits : 19 - Faceoff Wins : 26 - Blocked Shots : 9 - Penalty Minutes : 6
Official
Referees : McCreary Bill and Ciamaga Chris
Linesman : Shane Heyer and Lonnie Cameron
Game Notes
No Game Note
Finance
Level 1 -- Attendance: 4051 (67,52%) -- Ticket Income 376 743 $
Level 2 -- Attendance: 3792 (75,84%) -- Ticket Income 219 936 $
Level 3 -- Attendance: 1511 (75,55%) -- Ticket Income 55 907 $
Level 4 -- Attendance: 2871 (71,78%) -- Ticket Income 74 646 $
Luxury Box -- Attendance: 821 (82,10%) -- Ticket Income 142 033 $
Game was played at the Rexall Place.
Total Attendance: 13046 (72,48%)
Total Ticket Income: 869 265 $
Other Income: 130 390 $
Total Income: 999 655 $
Canadiens
5 vs 5 Forward
Center Left Wing Right Wing Time % Phy DF OF
1 Marc Savard Patrick Sharp Marek Svatos 40 1 2 2
2 Brooks Laich Drew Miller Devin Setoguchi 30 1 2 2
3 Andrei Loktionov Greg Stewart Rene Bourque 20 1 2 2
4 Dustin Boyd Evgeny Dadonov Jonas Hoglund 10 1 2 2
5 vs 5 Defense
Defense Defense Time % Phy DF OF
1 Torey Krug Dennis Wideman 40 1 2 2
2 Ladislav Smid Jiri Fischer 30 1 2 2
3 Matt Carle Dan Boyle 20 1 2 2
4 Dan Boyle Dennis Wideman 10 1 2 2
PowerPlay Forward
Center Left Wing Right Wing Time % Phy DF OF
1 Marc Savard Patrick Sharp Marek Svatos 60 1 2 2
2 Brooks Laich Drew Miller Devin Setoguchi 40 1 2 2
PowerPlay Defense
Defense Defense Time % Phy DF OF
1 Dan Boyle Dennis Wideman 60 1 2 2
2 Torey Krug Jiri Fischer 40 1 2 2
Penalty Kill 4 Players Forward
Center Wing Time % Phy DF OF
1 Patrick Sharp Marek Svatos 60 1 2 2
2 Marc Savard Drew Miller 40 1 2 2
Penalty Kill 4 Players Defense
Defense Defense Time % Phy DF OF
1 Dan Boyle Dennis Wideman 60 1 2 2
2 Ladislav Smid Jiri Fischer 40 1 2 2
Penalty Kill - 3 Players Forward
Forward Time % Phy DF OF
1 Patrick Sharp 60 1 2 2
2 Marek Svatos 40 1 2 2
Penalty Kill - 3 Players Defense
Defense Defense Time % Phy DF OF
1 Dan Boyle Dennis Wideman 60 1 2 2
2 Ladislav Smid Jiri Fischer 40 1 2 2
4 vs 4 Forward
Center Wing Time % Phy DF OF
1 Patrick Sharp Marek Svatos 60 1 2 2
2 Marc Savard Drew Miller 40 1 2 2
4 vs 4 Defense
Defense Defense Time % Phy DF OF
1 Dan Boyle Dennis Wideman 60 1 2 2
2 Torey Krug Jiri Fischer 40 1 2 2
Last Minutes Offensive
Center Left Wing Right Wing Defense Defense
Marc Savard Patrick Sharp Marek Svatos Dan Boyle Dennis Wideman
Last Minutes Defensive
Center Left Wing Right Wing Defense Defense
Marc Savard Patrick Sharp Marek Svatos Dan Boyle Dennis Wideman
Goaltenders
Starting : Jonathan Bernier
Backup : Tobias Stephan
Extra Forwards
Normal : Greg Stewart, Rene Bourque, Jonas Hoglund - PP : Greg Stewart, Rene Bourque - PK : Jonas Hoglund
Extra Defensemen
Normal : Matt Carle, Torey Krug, Ladislav Smid - PP : Matt Carle - PK : Torey Krug, Ladislav Smid
Penalty Shots
Patrick Sharp, Marek Svatos, Marc Savard, Drew Miller, Devin Setoguchi
Blackhawks
5 vs 5 Forward
Center Left Wing Right Wing Time % Phy DF OF
1 Derick Brassard Antoine Roussel Patrick Kane 40 1 2 2
2 Jonathan Toews Ryan Hollweg Niclas Bergfors 30 1 2 2
3 Peter Regin Tomas Fleischmann Patrick Kaleta 20 1 2 2
4 Patrick Kane Oleg Saprykin Carson Mcmillan 10 1 2 2
5 vs 5 Defense
Defense Defense Time % Phy DF OF
1 Ian White Joni Pitkanen 40 1 2 2
2 Denis Grebeshkov Kurt Sauer 30 1 2 2
3 Dave Tanabe Brendan Bell 20 1 2 2
4 David Hale Ian White 10 1 2 2
PowerPlay Forward
Center Left Wing Right Wing Time % Phy DF OF
1 Derick Brassard Antoine Roussel Patrick Kane 60 1 2 2
2 Jonathan Toews Ryan Hollweg Niclas Bergfors 40 1 2 2
PowerPlay Defense
Defense Defense Time % Phy DF OF
1 Ian White Joni Pitkanen 60 1 2 2
2 Denis Grebeshkov Kurt Sauer 40 1 2 2
Penalty Kill 4 Players Forward
Center Wing Time % Phy DF OF
1 Patrick Kane Derick Brassard 60 1 2 2
2 Jonathan Toews Antoine Roussel 40 1 2 2
Penalty Kill 4 Players Defense
Defense Defense Time % Phy DF OF
1 Ian White Joni Pitkanen 60 1 2 2
2 Denis Grebeshkov Kurt Sauer 40 1 2 2
Penalty Kill - 3 Players Forward
Forward Time % Phy DF OF
1 Patrick Kane 60 1 2 2
2 Derick Brassard 40 1 2 2
Penalty Kill - 3 Players Defense
Defense Defense Time % Phy DF OF
1 Ian White Joni Pitkanen 60 1 2 2
2 Denis Grebeshkov Kurt Sauer 40 1 2 2
4 vs 4 Forward
Center Wing Time % Phy DF OF
1 Patrick Kane Derick Brassard 60 1 2 2
2 Jonathan Toews Antoine Roussel 40 1 2 2
4 vs 4 Defense
Defense Defense Time % Phy DF OF
1 Ian White Joni Pitkanen 60 1 2 2
2 Denis Grebeshkov Kurt Sauer 40 1 2 2
Last Minutes Offensive
Center Left Wing Right Wing Defense Defense
Derick Brassard Antoine Roussel Patrick Kane Ian White Joni Pitkanen
Last Minutes Defensive
Center Left Wing Right Wing Defense Defense
Derick Brassard Antoine Roussel Patrick Kane Ian White Joni Pitkanen
Goaltenders
Starting : Jimmy Howard
Backup : Al Montoya
Extra Forwards
Normal : Tomas Fleischmann, Patrick Kaleta, Peter Regin - PP : Tomas Fleischmann, Patrick Kaleta - PK : Peter Regin
Extra Defensemen
Normal : Dave Tanabe, Brendan Bell, David Hale - PP : Dave Tanabe - PK : Brendan Bell, David Hale
Penalty Shots
Patrick Kane, Derick Brassard, Jonathan Toews, Antoine Roussel, Niclas Bergfors
% Time on Ice - Canadiens
Lines # - Real PCT - Wanted PCT - Time Play
Normal Forward
1 - 35% - 40% - 15:24
2 - 25% - 30% - 11:20
3 - 23% - 20% - 10:16
4 - 17% - 10% - 7:30
Normal Defense
1 - 43% - 40% - 19:19
2 - 34% - 30% - 15:06
3 - 18% - 20% - 7:51
4 - 5% - 10% - 2:14
PP Forward
1 - 59% - 60% - 2:32
2 - 41% - 40% - 1:44
PP Defense
1 - 63% - 60% - 2:42
2 - 37% - 40% - 1:34
PK Forward
1 - 78% - 60% - 8:36
2 - 22% - 40% - 2:26
PK Defense
1 - 60% - 60% - 6:35
2 - 40% - 40% - 4:27
PK3 Forward
1 - 0% - 60%
2 - 0% - 40%
PK3 Defense
1 - 0% - 60%
2 - 0% - 40%
44 Forward
1 - 0% - 60%
2 - 0% - 40%
44 Defense
1 - 0% - 60%
2 - 0% - 40%
Last Minute Offensive - 0:12
Last Minute Defensive - 0:00
Total
Forward - 60:00
Defense - 60:00
|
% Time on Ice - Blackhawks
Lines # - Real PCT - Wanted PCT - Time Play
Normal Forward
1 - 33% - 40% - 14:42
2 - 29% - 30% - 12:53
3 - 27% - 20% - 11:54
4 - 11% - 10% - 5:02
Normal Defense
1 - 39% - 40% - 17:14
2 - 29% - 30% - 13:04
3 - 26% - 20% - 11:47
4 - 5% - 10% - 2:26
PP Forward
1 - 55% - 60% - 6:04
2 - 45% - 40% - 4:58
PP Defense
1 - 70% - 60% - 7:41
2 - 30% - 40% - 3:21
PK Forward
1 - 75% - 60% - 3:12
2 - 25% - 40% - 1:04
PK Defense
1 - 68% - 60% - 2:53
2 - 32% - 40% - 1:23
PK3 Forward
1 - 0% - 60%
2 - 0% - 40%
PK3 Defense
1 - 0% - 60%
2 - 0% - 40%
44 Forward
1 - 0% - 60%
2 - 0% - 40%
44 Defense
1 - 0% - 60%
2 - 0% - 40%
Last Minute Offensive - 0:00
Last Minute Defensive - 0:11
Total
Forward - 60:00
Defense - 60:00
|
Play by Play
1st period
0:01 of 1st period - Derick Brassard wins face-off versus Marc Savard in neutral zone.
0:26 of 1st period - Brooks Laich is hit by Joni Pitkanen and loses puck.
0:47 of 1st period - Snap shot by Patrick Kaleta.
0:47 of 1st period - Stopped by Jonathan Bernier with a rebound.
0:51 of 1st period - Snap shot by Peter Regin.
0:51 of 1st period - Stopped by Jonathan Bernier with a rebound.
2:27 of 1st period - Matt Carle is hit by Carson Mcmillan and loses puck.
2:38 of 1st period - David Hale is hit by Marc Savard and loses puck.
2:47 of 1st period - Wrist shot by Marc Savard.
2:47 of 1st period - Shot Misses the Net.
3:07 of 1st period - Tomas Fleischmann is hit by Brooks Laich and loses puck.
3:38 of 1st period - Antoine Roussel is hit by Rene Bourque.
4:04 of 1st period - Snap shot by Oleg Saprykin.
4:04 of 1st period - Stopped by Jonathan Bernier without a rebound.
4:05 of 1st period - Jonathan Toews wins face-off versus Patrick Sharp in Canadiens zone.
4:26 of 1st period - Minor Penalty to Ladislav Smid for Roughing.
4:27 of 1st period - Derick Brassard wins face-off versus Patrick Sharp in Canadiens zone.
4:30 of 1st period - Slapshot by Derick Brassard.
4:30 of 1st period - Deflect By Patrick Kane.
4:30 of 1st period - Shot Blocked by Dennis Wideman.
4:30 of 1st period - Puck is out of play.
4:31 of 1st period - Derick Brassard wins face-off versus Patrick Sharp in Canadiens zone.
4:42 of 1st period - Snap shot by Antoine Roussel.
4:42 of 1st period - Stopped by Jonathan Bernier with a rebound.
4:46 of 1st period - Wrist shot by Derick Brassard.
4:46 of 1st period - Deflect By Patrick Kane.
4:46 of 1st period - Stopped by Jonathan Bernier without a rebound.
4:47 of 1st period - Patrick Sharp wins face-off versus Derick Brassard in Canadiens zone.
4:56 of 1st period - Snap shot by Antoine Roussel.
4:56 of 1st period - Stopped by Jonathan Bernier without a rebound.
4:57 of 1st period - Marek Svatos wins face-off versus Derick Brassard in Canadiens zone.
5:06 of 1st period - Snap shot by Marek Svatos.
5:06 of 1st period - Stopped by Jimmy Howard with a rebound.
5:43 of 1st period - Wrist shot by Antoine Roussel.
5:43 of 1st period - Stopped by Jonathan Bernier without a rebound.
5:44 of 1st period - Marc Savard wins face-off versus Jonathan Toews in Canadiens zone.
5:59 of 1st period - Slapshot by Drew Miller.
5:59 of 1st period - Stopped by Jimmy Howard without a rebound.
6:00 of 1st period - Patrick Sharp wins face-off versus Jonathan Toews in Blackhawks zone.
6:09 of 1st period - Marek Svatos is hit by Jonathan Toews and loses puck.
6:26 of 1st period - Penalty to Ladislav Smid is over, Ladislav Smid is back on ice.
6:38 of 1st period - Dennis Wideman is hit by Patrick Kane and loses puck.
7:54 of 1st period - Snap shot by Drew Miller.
7:54 of 1st period - Stopped by Jimmy Howard without a rebound.
7:55 of 1st period - Brooks Laich wins face-off versus Derick Brassard in Blackhawks zone.
8:30 of 1st period - Snap shot by Patrick Sharp.
8:30 of 1st period - Stopped by Jimmy Howard without a rebound.
8:31 of 1st period - Derick Brassard wins face-off versus Marc Savard in Blackhawks zone.
8:31 of 1st period - Derick Brassard is hit by Dennis Wideman.
8:37 of 1st period - Snap shot by Marc Savard.
8:37 of 1st period - Stopped by Jimmy Howard without a rebound.
8:38 of 1st period - Derick Brassard wins face-off versus Marc Savard in Blackhawks zone.
9:07 of 1st period - Snap shot by Derick Brassard.
9:07 of 1st period - Stopped by Jonathan Bernier with a rebound.
9:13 of 1st period - Slapshot by Patrick Sharp.
9:13 of 1st period - Stopped by Jimmy Howard with a rebound.
9:15 of 1st period - Slapshot by Dennis Wideman.
9:15 of 1st period - Shot Misses the Net.
9:17 of 1st period - Wrist shot by Patrick Sharp.
9:17 of 1st period - Stopped by Jimmy Howard with a rebound.
9:19 of 1st period - Snap shot by Patrick Sharp.
9:19 of 1st period - Shot Blocked by Brendan Bell.
9:21 of 1st period - Slapshot by Dennis Wideman.
9:21 of 1st period - Stopped by Jimmy Howard without a rebound.
9:22 of 1st period - Jonathan Toews wins face-off versus Brooks Laich in Blackhawks zone.
9:27 of 1st period - Wrist shot by Brooks Laich.
9:27 of 1st period - Shot Blocked by Joni Pitkanen.
9:29 of 1st period - Wrist shot by Drew Miller.
9:29 of 1st period - Stopped by Jimmy Howard with a rebound.
9:31 of 1st period - Snap shot by Jiri Fischer.
9:31 of 1st period - Stopped by Jimmy Howard with a rebound.
9:33 of 1st period - Slapshot by Jiri Fischer.
9:33 of 1st period - Shot Blocked by Joni Pitkanen.
9:35 of 1st period - Wrist shot by Drew Miller.
9:35 of 1st period - Goal by Drew Miller - Canadiens : 1 - Blackhawks : 0.
9:36 of 1st period - Derick Brassard wins face-off versus Brooks Laich in neutral zone.
9:41 of 1st period - Slapshot by Patrick Kane.
9:41 of 1st period - Shot Blocked by Brooks Laich.
9:43 of 1st period - Minor Penalty to Torey Krug for Unsportsmanlike conduct.
9:44 of 1st period - Derick Brassard wins face-off versus Patrick Sharp in Canadiens zone.
11:12 of 1st period - Derick Brassard is hit by Ladislav Smid and loses puck.
11:43 of 1st period - Penalty to Torey Krug is over, Torey Krug is back on ice.
11:51 of 1st period - Wrist shot by Rene Bourque.
11:51 of 1st period - Stopped by Jimmy Howard with a rebound.
11:53 of 1st period - Snap shot by Andrei Loktionov.
11:53 of 1st period - Stopped by Jimmy Howard with a rebound.
12:16 of 1st period - Kurt Sauer is hit by Jonas Hoglund and loses puck.
14:06 of 1st period - Dennis Wideman is hit by Niclas Bergfors and loses puck.
14:43 of 1st period - Derick Brassard is hit by Dan Boyle and loses puck.
14:50 of 1st period - Derick Brassard is hit by Patrick Sharp and loses puck.
15:16 of 1st period - Jonathan Toews is hit by Evgeny Dadonov and loses puck.
15:34 of 1st period - Off-side.
15:35 of 1st period - Brooks Laich wins face-off versus Tomas Fleischmann in neutral zone.
15:38 of 1st period - Tomas Fleischmann is hit by Brooks Laich and loses puck.
16:01 of 1st period - Marek Svatos is hit by Derick Brassard and loses puck.
16:37 of 1st period - Wrist shot by Dustin Boyd.
16:37 of 1st period - Shot Blocked by Dave Tanabe.
16:39 of 1st period - Slapshot by Dennis Wideman.
16:39 of 1st period - Deflect By Niclas Bergfors.
16:39 of 1st period - Stopped by Jimmy Howard without a rebound.
16:40 of 1st period - Marc Savard wins face-off versus Patrick Kane in Blackhawks zone.
17:11 of 1st period - Snap shot by Niclas Bergfors.
17:11 of 1st period - Stopped by Jonathan Bernier without a rebound.
17:12 of 1st period - Brooks Laich wins face-off versus Jonathan Toews in Canadiens zone.
17:21 of 1st period - Snap shot by Drew Miller.
17:21 of 1st period - Shot Misses the Net.
17:35 of 1st period - Wrist shot by Niclas Bergfors.
17:35 of 1st period - Stopped by Jonathan Bernier without a rebound.
17:36 of 1st period - Derick Brassard wins face-off versus Andrei Loktionov in Canadiens zone.
17:37 of 1st period - Slapshot by Patrick Kane.
17:37 of 1st period - Goal by Patrick Kane - Canadiens : 1 - Blackhawks : 1.
17:38 of 1st period - Derick Brassard wins face-off versus Marc Savard in neutral zone.
17:45 of 1st period - Off-side.
17:46 of 1st period - Marc Savard wins face-off versus Derick Brassard in neutral zone.
18:01 of 1st period - Snap shot by Derick Brassard.
18:01 of 1st period - Stopped by Jonathan Bernier with a rebound.
18:03 of 1st period - Wrist shot by Patrick Kane.
18:03 of 1st period - Shot Blocked by Dennis Wideman.
18:05 of 1st period - Wrist shot by Derick Brassard.
18:05 of 1st period - Stopped by Jonathan Bernier with a rebound.
18:07 of 1st period - Snap shot by Joni Pitkanen.
18:07 of 1st period - Shot Misses the Net.
18:09 of 1st period - Snap shot by Ian White.
18:09 of 1st period - Deflect By Patrick Kane.
18:09 of 1st period - Stopped by Jonathan Bernier without a rebound.
18:10 of 1st period - Brooks Laich wins face-off versus Jonathan Toews in Canadiens zone.
18:17 of 1st period - Kurt Sauer is hit by Brooks Laich and loses puck.
18:36 of 1st period - Jiri Fischer is hit by Derick Brassard and loses puck.
18:50 of 1st period - Jiri Fischer is hit by Patrick Kane and loses puck.
19:10 of 1st period - Off-side.
19:11 of 1st period - Jonathan Toews wins face-off versus Marc Savard in neutral zone.
Goals for this period are 1 for Canadiens vs 1 for Blackhawks.
Shots for this period are 14 for Canadiens vs 14 for Blackhawks.
2nd period
0:01 of 2nd period - Patrick Sharp wins face-off versus Derick Brassard in neutral zone.
0:26 of 2nd period - Minor Penalty to Drew Miller for Tripping.
0:27 of 2nd period - Patrick Sharp wins face-off versus Derick Brassard in Canadiens zone.
0:27 of 2nd period - Patrick Sharp is hit by Patrick Kane.
0:39 of 2nd period - Slapshot by Derick Brassard.
0:39 of 2nd period - Stopped by Jonathan Bernier with a rebound.
0:41 of 2nd period - Slapshot by Patrick Kane.
0:41 of 2nd period - Stopped by Jonathan Bernier with a rebound.
0:43 of 2nd period - Slapshot by Antoine Roussel.
0:43 of 2nd period - Goal by Antoine Roussel - Canadiens : 1 - Blackhawks : 2.
0:44 of 2nd period - Derick Brassard wins face-off versus Marc Savard in neutral zone.
1:07 of 2nd period - Icing by Marek Svatos.
1:08 of 2nd period - Jonathan Toews wins face-off versus Brooks Laich in Canadiens zone.
1:09 of 2nd period - Slapshot by Niclas Bergfors.
1:09 of 2nd period - Shot Blocked by Drew Miller.
1:17 of 2nd period - Snap shot by Drew Miller.
1:17 of 2nd period - Shot Hit the Post.
1:19 of 2nd period - Snap shot by Devin Setoguchi.
1:19 of 2nd period - Stopped by Jimmy Howard without a rebound.
1:20 of 2nd period - Marc Savard wins face-off versus Derick Brassard in Blackhawks zone.
1:21 of 2nd period - Slapshot by Patrick Sharp.
1:21 of 2nd period - Stopped by Jimmy Howard with a rebound.
1:30 of 2nd period - Slapshot by Ladislav Smid.
1:30 of 2nd period - Stopped by Jimmy Howard with a rebound.
1:32 of 2nd period - Slapshot by Jiri Fischer.
1:32 of 2nd period - Shot Blocked by Derick Brassard.
1:34 of 2nd period - Snap shot by Marc Savard.
1:34 of 2nd period - Stopped by Jimmy Howard with a rebound.
1:36 of 2nd period - Wrist shot by Marc Savard.
1:36 of 2nd period - Shot Blocked by Antoine Roussel.
1:42 of 2nd period - Minor Penalty to Joni Pitkanen for Holding Stick.
1:43 of 2nd period - Marc Savard wins face-off versus Patrick Kane in Blackhawks zone.
1:58 of 2nd period - Wrist shot by Patrick Sharp.
1:58 of 2nd period - Shot Misses the Net.
2:00 of 2nd period - Snap shot by Marc Savard.
2:00 of 2nd period - Deflect By Ian White.
2:00 of 2nd period - Goal by Marc Savard - Canadiens : 2 - Blackhawks : 2.
2:01 of 2nd period - Patrick Sharp wins face-off versus Derick Brassard in neutral zone.
3:00 of 2nd period - Slapshot by Andrei Loktionov.
3:00 of 2nd period - Stopped by Jimmy Howard without a rebound.
3:01 of 2nd period - Derick Brassard wins face-off versus Marc Savard in Blackhawks zone.
4:09 of 2nd period - Snap shot by Jonas Hoglund.
4:09 of 2nd period - Goal by Jonas Hoglund - Canadiens : 3 - Blackhawks : 2.
4:10 of 2nd period - Derick Brassard wins face-off versus Marc Savard in neutral zone.
4:13 of 2nd period - Slapshot by Patrick Kane.
4:13 of 2nd period - Shot Blocked by Marc Savard.
4:37 of 2nd period - Devin Setoguchi is hit by Ryan Hollweg and loses puck.
5:00 of 2nd period - Denis Grebeshkov is hit by Dennis Wideman and loses puck.
5:27 of 2nd period - Torey Krug is hit by Kurt Sauer and loses puck.
6:02 of 2nd period - Slapshot by Patrick Kaleta.
6:02 of 2nd period - Deflect By Peter Regin.
6:02 of 2nd period - Shot Misses the Net.
6:02 of 2nd period - Puck is out of play.
6:03 of 2nd period - Peter Regin wins face-off versus Brooks Laich in Canadiens zone.
6:04 of 2nd period - Snap shot by Tomas Fleischmann.
6:04 of 2nd period - Shot Misses the Net.
6:33 of 2nd period - Ian White is hit by Drew Miller and loses puck.
6:44 of 2nd period - Wrist shot by Drew Miller.
6:44 of 2nd period - Deflect By Ian White.
6:44 of 2nd period - Shot Misses the Net.
6:44 of 2nd period - Puck is out of play.
6:45 of 2nd period - Jonathan Toews wins face-off versus Marc Savard in Blackhawks zone.
6:52 of 2nd period - Snap shot by Niclas Bergfors.
6:52 of 2nd period - Shot Misses the Net.
7:35 of 2nd period - Denis Grebeshkov is hit by Dustin Boyd and loses puck.
8:02 of 2nd period - Wrist shot by Denis Grebeshkov.
8:02 of 2nd period - Shot Blocked by Marek Svatos.
8:04 of 2nd period - Snap shot by Denis Grebeshkov.
8:04 of 2nd period - Stopped by Jonathan Bernier without a rebound.
8:05 of 2nd period - Marc Savard wins face-off versus Jonathan Toews in Canadiens zone.
8:22 of 2nd period - Snap shot by Marek Svatos.
8:22 of 2nd period - Stopped by Jimmy Howard without a rebound.
8:23 of 2nd period - Derick Brassard wins face-off versus Brooks Laich in Blackhawks zone.
8:36 of 2nd period - Snap shot by Derick Brassard.
8:36 of 2nd period - Shot Misses the Net.
8:48 of 2nd period - Jonathan Toews is hit by Dennis Wideman and loses puck.
9:17 of 2nd period - Snap shot by Tomas Fleischmann.
9:17 of 2nd period - Shot Blocked by Rene Bourque.
10:39 of 2nd period - Snap shot by Peter Regin.
10:39 of 2nd period - Stopped by Jonathan Bernier with a rebound.
10:52 of 2nd period - Icing by Dennis Wideman.
10:53 of 2nd period - Niclas Bergfors wins face-off versus Rene Bourque in Canadiens zone.
11:06 of 2nd period - Wrist shot by Greg Stewart.
11:06 of 2nd period - Stopped by Jimmy Howard with a rebound.
11:26 of 2nd period - Backhand shot by Derick Brassard.
11:26 of 2nd period - Stopped by Jonathan Bernier with a rebound.
11:37 of 2nd period - Minor Penalty to Peter Regin for Cross-checking.
11:38 of 2nd period - Marc Savard wins face-off versus Patrick Kane in Blackhawks zone.
11:49 of 2nd period - Wrist shot by Patrick Sharp.
11:49 of 2nd period - Shot Misses the Net.
11:51 of 2nd period - Wrist shot by Patrick Sharp.
11:51 of 2nd period - Shot Misses the Net.
11:53 of 2nd period - Slapshot by Marek Svatos.
11:53 of 2nd period - Stopped by Jimmy Howard with a rebound.
11:55 of 2nd period - Snap shot by Marc Savard.
11:55 of 2nd period - Stopped by Jimmy Howard with a rebound.
12:25 of 2nd period - Patrick Sharp is hit by Derick Brassard and loses puck.
13:10 of 2nd period - Backhand shot by Denis Grebeshkov.
13:10 of 2nd period - Deflect By Jonathan Toews.
13:10 of 2nd period - Stopped by Jonathan Bernier without a rebound.
13:11 of 2nd period - Brooks Laich wins face-off versus Jonathan Toews in Canadiens zone.
13:11 of 2nd period - Brooks Laich is hit by Antoine Roussel.
13:37 of 2nd period - Penalty to Peter Regin is over, Peter Regin is back on ice.
13:47 of 2nd period - Slapshot by Peter Regin.
13:47 of 2nd period - Goal by Peter Regin - Canadiens : 3 - Blackhawks : 3.
13:48 of 2nd period - Marc Savard wins face-off versus Jonathan Toews in neutral zone.
14:03 of 2nd period - Wrist shot by Ryan Hollweg.
14:03 of 2nd period - Shot Misses the Net.
14:15 of 2nd period - Patrick Sharp is hit by Ian White and loses puck.
14:28 of 2nd period - Snap shot by Patrick Sharp.
14:28 of 2nd period - Goal by Patrick Sharp - Canadiens : 4 - Blackhawks : 3.
14:29 of 2nd period - Brooks Laich wins face-off versus Derick Brassard in neutral zone.
14:37 of 2nd period - Snap shot by Drew Miller.
14:37 of 2nd period - Shot Misses the Net.
14:55 of 2nd period - Ryan Hollweg is hit by Ladislav Smid and loses puck.
15:18 of 2nd period - Wrist shot by Patrick Sharp.
15:18 of 2nd period - Stopped by Jimmy Howard without a rebound.
15:19 of 2nd period - Andrei Loktionov wins face-off versus Peter Regin in Blackhawks zone.
15:55 of 2nd period - Snap shot by Marek Svatos.
15:55 of 2nd period - Stopped by Jimmy Howard with a rebound.
16:29 of 2nd period - Slapshot by Antoine Roussel.
16:29 of 2nd period - Stopped by Jonathan Bernier with a rebound.
16:31 of 2nd period - Slapshot by Dave Tanabe.
16:31 of 2nd period - Stopped by Jonathan Bernier without a rebound.
16:32 of 2nd period - Marc Savard wins face-off versus Derick Brassard in Canadiens zone.
16:34 of 2nd period - Minor Penalty to Jiri Fischer for Hooking.
16:35 of 2nd period - Patrick Sharp wins face-off versus Derick Brassard in Canadiens zone.
16:35 of 2nd period - Patrick Sharp is hit by Patrick Kane.
16:52 of 2nd period - Wrist shot by Patrick Kane.
16:52 of 2nd period - Stopped by Jonathan Bernier without a rebound.
16:53 of 2nd period - Jonathan Toews wins face-off versus Patrick Sharp in Canadiens zone.
17:24 of 2nd period - Wrist shot by Derick Brassard.
17:24 of 2nd period - Goal by Derick Brassard - Canadiens : 4 - Blackhawks : 4.
17:25 of 2nd period - Brooks Laich wins face-off versus Antoine Roussel in neutral zone.
18:13 of 2nd period - Patrick Kaleta is hit by Andrei Loktionov and loses puck.
18:20 of 2nd period - Snap shot by Peter Regin.
18:20 of 2nd period - Shot Misses the Net.
18:22 of 2nd period - Snap shot by Patrick Kaleta.
18:22 of 2nd period - Shot Misses the Net.
18:32 of 2nd period - Wrist shot by Torey Krug.
18:32 of 2nd period - Shot Blocked by Carson Mcmillan.
18:34 of 2nd period - Snap shot by Jonas Hoglund.
18:34 of 2nd period - Shot Misses the Net.
18:36 of 2nd period - Slapshot by Torey Krug.
18:36 of 2nd period - Deflect By Dustin Boyd.
18:36 of 2nd period - Stopped by Jimmy Howard without a rebound.
18:37 of 2nd period - Dustin Boyd wins face-off versus Antoine Roussel in Blackhawks zone.
19:57 of 2nd period - Slapshot by Rene Bourque.
19:57 of 2nd period - Shot Misses the Net.
Goals for this period are 3 for Canadiens vs 3 for Blackhawks.
Shots for this period are 15 for Canadiens vs 12 for Blackhawks.
3rd period
0:01 of 3rd period - Marc Savard wins face-off versus Derick Brassard in neutral zone.
0:08 of 3rd period - Wrist shot by Patrick Sharp.
0:08 of 3rd period - Shot Blocked by Joni Pitkanen.
0:57 of 3rd period - Slapshot by Ian White.
0:57 of 3rd period - Shot Misses the Net.
1:53 of 3rd period - Snap shot by Niclas Bergfors.
1:53 of 3rd period - Shot Misses the Net.
1:55 of 3rd period - Wrist shot by Jonathan Toews.
1:55 of 3rd period - Shot Blocked by Dan Boyle.
2:09 of 3rd period - Tomas Fleischmann is hit by Andrei Loktionov and loses puck.
2:20 of 3rd period - Snap shot by Greg Stewart.
2:20 of 3rd period - Stopped by Jimmy Howard with a rebound.
2:30 of 3rd period - Kurt Sauer is hit by Evgeny Dadonov and loses puck.
3:41 of 3rd period - Snap shot by Dustin Boyd.
3:41 of 3rd period - Stopped by Jimmy Howard with a rebound.
3:43 of 3rd period - Snap shot by Evgeny Dadonov.
3:43 of 3rd period - Deflect By Jonas Hoglund.
3:43 of 3rd period - Stopped by Jimmy Howard without a rebound.
3:44 of 3rd period - Carson Mcmillan wins face-off versus Dustin Boyd in Blackhawks zone.
3:57 of 3rd period - Snap shot by Evgeny Dadonov.
3:57 of 3rd period - Shot Misses the Net.
4:03 of 3rd period - Slapshot by Kurt Sauer.
4:03 of 3rd period - Deflect By Jonathan Toews.
4:03 of 3rd period - Shot Blocked by Matt Carle.
4:03 of 3rd period - Puck is out of play.
4:04 of 3rd period - Jonathan Toews wins face-off versus Marc Savard in Canadiens zone.
4:28 of 3rd period - Ladislav Smid is hit by Kurt Sauer and loses puck.
4:43 of 3rd period - Snap shot by Niclas Bergfors.
4:43 of 3rd period - Stopped by Jonathan Bernier with a rebound.
4:47 of 3rd period - Slapshot by Jonathan Toews.
4:47 of 3rd period - Stopped by Jonathan Bernier with a rebound.
5:04 of 3rd period - Minor Penalty to Marek Svatos for Holding Stick.
5:05 of 3rd period - Jonas Hoglund wins face-off versus Antoine Roussel in Canadiens zone.
5:21 of 3rd period - Wrist shot by Jonas Hoglund.
5:21 of 3rd period - Shot Misses the Net.
6:38 of 3rd period - Ian White is hit by Dennis Wideman and loses puck.
7:04 of 3rd period - Penalty to Marek Svatos is over, Marek Svatos is back on ice.
9:02 of 3rd period - Minor Penalty to Torey Krug for Tripping.
9:03 of 3rd period - Patrick Sharp wins face-off versus Derick Brassard in Canadiens zone.
9:03 of 3rd period - Patrick Sharp is hit by Patrick Kane.
9:32 of 3rd period - Off-side.
9:33 of 3rd period - Marc Savard wins face-off versus Jonathan Toews in neutral zone.
9:36 of 3rd period - Kurt Sauer is hit by Dan Boyle and loses puck.
10:31 of 3rd period - Jiri Fischer is hit by Jonathan Toews and loses puck.
10:38 of 3rd period - Snap shot by Niclas Bergfors.
10:38 of 3rd period - Shot Blocked by Jiri Fischer.
10:40 of 3rd period - Slapshot by Ryan Hollweg.
10:40 of 3rd period - Shot Blocked by Jiri Fischer.
10:42 of 3rd period - Slapshot by Joni Pitkanen.
10:42 of 3rd period - Deflect By Patrick Sharp.
10:42 of 3rd period - Stopped by Jonathan Bernier with a rebound.
10:44 of 3rd period - Wrist shot by Niclas Bergfors.
10:44 of 3rd period - Shot Blocked by Patrick Sharp.
11:02 of 3rd period - Penalty to Torey Krug is over, Torey Krug is back on ice.
11:10 of 3rd period - Snap shot by Ryan Hollweg.
11:10 of 3rd period - Shot Misses the Net.
11:16 of 3rd period - Snap shot by Niclas Bergfors.
11:16 of 3rd period - Stopped by Jonathan Bernier without a rebound.
11:17 of 3rd period - Brooks Laich wins face-off versus Derick Brassard in Canadiens zone.
11:30 of 3rd period - Slapshot by Torey Krug.
11:30 of 3rd period - Shot Misses the Net.
11:42 of 3rd period - Derick Brassard is hit by Dennis Wideman and loses puck.
12:17 of 3rd period - Wrist shot by Patrick Kane.
12:17 of 3rd period - Stopped by Jonathan Bernier with a rebound.
12:19 of 3rd period - Slapshot by Brendan Bell.
12:19 of 3rd period - Stopped by Jonathan Bernier with a rebound.
12:40 of 3rd period - Minor Penalty to Dustin Boyd for Roughing.
12:41 of 3rd period - Jonathan Toews wins face-off versus Patrick Sharp in Canadiens zone.
14:40 of 3rd period - Penalty to Dustin Boyd is over, Dustin Boyd is back on ice.
14:59 of 3rd period - Icing by Torey Krug.
15:00 of 3rd period - Marc Savard wins face-off versus Oleg Saprykin in Canadiens zone.
15:00 of 3rd period - Marc Savard is hit by Patrick Kane.
15:10 of 3rd period - Snap shot by Greg Stewart.
15:10 of 3rd period - Shot Hit the Post.
15:12 of 3rd period - Wrist shot by Rene Bourque.
15:12 of 3rd period - Shot Misses the Net.
16:05 of 3rd period - Snap shot by Antoine Roussel.
16:05 of 3rd period - Shot Misses the Net.
16:23 of 3rd period - Wrist shot by Drew Miller.
16:23 of 3rd period - Shot Misses the Net.
16:25 of 3rd period - Slapshot by Dennis Wideman.
16:25 of 3rd period - Shot Blocked by Brendan Bell.
17:16 of 3rd period - Wrist shot by Patrick Kaleta.
17:16 of 3rd period - Shot Misses the Net.
17:18 of 3rd period - Slapshot by Patrick Kaleta.
17:18 of 3rd period - Shot Misses the Net.
17:20 of 3rd period - Snap shot by Peter Regin.
17:20 of 3rd period - Goal by Peter Regin - Canadiens : 4 - Blackhawks : 5.
17:21 of 3rd period - Peter Regin wins face-off versus Rene Bourque in neutral zone.
17:25 of 3rd period - Joni Pitkanen is hit by Jiri Fischer and loses puck.
17:34 of 3rd period - Wrist shot by Andrei Loktionov.
17:34 of 3rd period - Stopped by Jimmy Howard with a rebound.
17:42 of 3rd period - Minor Penalty to Patrick Kaleta for Holding.
17:43 of 3rd period - Marc Savard wins face-off versus Patrick Kane in Blackhawks zone.
18:47 of 3rd period - Icing by Patrick Sharp.
18:48 of 3rd period - Derick Brassard wins face-off versus Devin Setoguchi in Canadiens zone.
18:57 of 3rd period - Canadiens, Jonathan Bernier is pulled from the net.
19:42 of 3rd period - Penalty to Patrick Kaleta is over, Patrick Kaleta is back on ice.
19:54 of 3rd period - Antoine Roussel is hit by Marek Svatos and loses puck.
Goals for this period are 0 for Canadiens vs 1 for Blackhawks.
Shots for this period are 4 for Canadiens vs 7 for Blackhawks.
Back to the Top